 Dungeon Crawl Stone Soup version 0.28.0-53-g5a82cb258f (webtiles) character file.

Game seed: 4086334354255845940

104554 Woods the Bludgeoner (level 16, -18/162 HPs)
             Began as a Gargoyle Fighter on June 2, 2022.
             Was a High Priest of Ru.
             Demolished by Rupert
             ... wielding a +5 vorpal executioner's axe
              (31 damage)
             ... on level 1 of the Spider Nest.
             The game lasted 01:32:38 (48446 turns).

Woods the Bludgeoner (Gargoyle Fighter)            Turns: 48446, Time: 01:32:38

Health: -18/162    AC: 35    Str: 23    XL:     16   Next: 39%
Magic:  16/16      EV:  2    Int: 10    God:    Ru [*****.]
Gold:   954        SH:  0    Dex: 13    Spells: 15/15 levels left

rFire   . . .      SeeInvis .   q - +2 flail (protect)
rCold   . . .      Faith    .   U - +0 kite shield
rNeg    + . .      Spirit   .   (armour currently unavailable)
rPois   ∞          Reflect  +   (helmet currently unavailable)
rElec   .          Harm     .   (cloak currently unavailable)
rCorr   .          Rampage  .   (gloves currently unavailable)
Will    +++..      NoTele   +   (boots currently unavailable)
Stlth   +.........              J - amulet of reflection
HPRegen 0.37/turn               h - ring of willpower
MPRegen 0.15/turn               s - ring of willpower

@: confused, tree-form (expiring), ambrosia-drunk, under a protective aura,
studying Shields, unable to read
A: stationary, stasis, torment immunity, boosted hp, sickness immunity, AC +12,
(big wings), negative energy resistance 1, (electricity resistance), torment
resistance 1, petrification resistance, inability to read while threatened,
inability to use devices, hated by all, no ice magic, no summoning magic, no
transmutations magic
a: Renounce Religion, Draw Out Power, Power Leap, Apocalypse


You were on level 1 of the Spider Nest.
You worshipped Ru.
Ru was extremely pleased with you.
You were a tree.
You visited 5 branches of the dungeon, and saw 25 of its levels.
You also visited: Ossuary.

You collected 2226 gold pieces.
You spent 1272 gold pieces at shops.

Inventory:

Hand Weapons
 q - a +2 flail of protection (weapon)
Missiles
 p - 2 throwing nets (quivered)
Armour
 c - a +2 helmet (melded)
 G - a +0 pair of gloves (melded)
 N - a +0 cloak (melded)
 S - a +0 pair of boots (melded)
 T - a +0 plate armour of poison resistance (melded)
 U - a +0 kite shield (worn)
 V - a +0 tower shield
Jewellery
 f - a ring of protection from cold
 g - a ring of ice
 h - a ring of willpower (left branch)
 s - a ring of willpower (right branch)
 t - a ring of willpower
 w - the ring of Muwas Onogye {rCorr SInv}
   (You found it on level 3 of the Lair of Beasts)

   [ring of see invisible]

   SInv:      It lets you see invisible.
   rCorr:     It protects you from acid and corrosion.
 E - an amulet of the acrobat
 H - a ring of positive energy
 J - an amulet of reflection (around neck)
 P - a ring of resist corrosion
 Q - a +4 ring of evasion
Scrolls
 a - 2 scrolls of holy word
 d - 4 scrolls of teleportation
 i - 4 scrolls of enchant armour
 j - 4 scrolls of amnesia
 m - 4 scrolls of immolation
 n - 3 scrolls of magic mapping
 r - 3 scrolls of fog
 u - 2 scrolls of blinking
 y - 3 scrolls of vulnerability
 B - 6 scrolls of brand weapon
 M - 3 scrolls of fear
Potions
 e - 7 potions of attraction
 k - a potion of lignification
 l - 3 potions of curing
 o - 4 potions of heal wounds
 z - 3 potions of brilliance
 A - 2 potions of ambrosia
 C - a potion of mutation
 D - a potion of cancellation
 F - a potion of magic {unknown}
 I - a potion of resistance {unknown}
 K - a potion of haste {unknown}
 L - a potion of invisibility {unknown}


   Skills:
 + Level 15.1 Fighting
 + Level 18.0 Maces & Flails
 + Level 10.2 Armour
 + Level 10.1 Dodging
 + Level 2.0 Stealth
 + Level 15.2 Shields


You had 15 spell levels left.
You didn't know any spells.
Your spell library contained the following spells:

 Spells                   Type           Power      Damage    Failure   Level
 Apportation              Tloc           0%         N/A       54%         1
 Pain                     Necr           0%         1d4       54%         1
 Corpse Rot               Necr/Air       0%         N/A       69%         2
 Poisonous Vapours        Pois/Air       0%         N/A       69%         2
 Gell's Gravitas          Tloc           0%         N/A       89%         3
 Lesser Beckoning         Tloc           0%         N/A       89%         3
 Teleport Other           Tloc           0%         N/A       89%         3
 Vampiric Draining        Necr           0%         2d6       89%         3
 Anguish                  Hex/Necr       0%         N/A       100%        4
 Cause Fear               Hex            0%         N/A       100%        4
 Olgreb's Toxic Radiance  Pois           0%         N/A       100%        4
 Dispersal                Tloc           0%         N/A       100%        6
 Iron Shot                Conj/Erth      0%         9d1       100%        6
 Borgnjor's Revivificati  Necr           0%         N/A       100%        8
 Disjunction              Tloc           0%         N/A       100%        8
 Ignition                 Fire           0%         3d3       100%        8
 Death's Door             Necr           0%         N/A       100%        9
 Animate Skeleton         Necr           Unusable   N/A       N/A         1
 Summon Small Mammal      Summ           Unusable   N/A       N/A         1
 Ensorcelled Hibernation  Hex/Ice        Unusable   N/A       N/A         2
 Spider Form              Tmut/Pois      Unusable   N/A       N/A         3
 Animate Armour           Summ/Erth      Unusable   N/A       N/A         4
 Blade Hands              Tmut           Unusable   N/A       N/A         5
 Dragon Form              Tmut           Unusable   N/A       N/A         7
 Ozocubu's Refrigeration  Ice            Unusable   4d5       N/A         7
 Necromutation            Tmut/Necr      Unusable   N/A       N/A         8
 Dragon's Call            Summ           Unusable   N/A       N/A         9

Dungeon Overview and Level Annotations

Branches:
Dungeon (15/15)            Temple (1/1) D:6            Lair (6/6) D:11
  Swamp (0/4) Lair:4       Spider (1/4) Lair:2        Slime (0/5) Lair:5
    Orc (2/2) D:12            Elf (0/3) Orc:2        Vaults (0/5) D:13
 Depths (0/4) D:15        Ossuary (visited)

Altars:
Ashenzari
Cheibriados
Dithmenos
Elyvilon
Fedhas
Gozag
Hepliaklqana
Kikubaaqudgha
Makhleb
Nemelex Xobeh
Okawaru
Qazlal
Ru
Sif Muna
Trog
Uskayaw
Vehumet
Wu Jian
Xom
Yredelemnul
Zin
The Shining One
Beogh

Shops:
D:6 (   Orc:2 :(**

Annotations:
D:8 1 runed translucent door
D:12 3 runed translucent doors, bobregger's ghost, journeyman OgBe
Lair:1 exclusion: oklob plant
Spider:1 Rupert


Innate Abilities, Weirdness & Mutations

You are a tree.
Your roots penetrate the ground, keeping you stationary.
You cannot be teleported.
You are immune to unholy pain and torment.
Your maximum health is greatly increased.
Your equipment is partially melded.
You are immune to sickness and miasma.
((Your stone body is resilient. (AC +12)))
You are immune to poison.
((Your large and strong wings let you fly.))
You resist negative energy. (rN+)
((You are resistant to electric shocks. (rElec)))
You are resistant to unholy torment.
You are immune to petrification.
You sometimes lose the ability to read scrolls when taking damage.
You cannot study or use magical devices.
You are hated by all.
You cannot study or cast Ice magic.
You cannot study or cast Summoning magic.
You cannot study or cast Transmutations magic.


Message History

You bludgeon Rupert!!
Rupert is severely wounded.
Your transformation is almost over.
You block the pharaoh ant's attack. The redback bites you.
The jumping spider leaps!
You block Rupert's attack.
You hit Rupert.
Rupert is almost dead.
You block the pharaoh ant's attack.
The jumping spider leaps!
The redback bites you but does no damage.
Rupert hits you with a +5 vorpal executioner's axe!!!
* * * LOW HITPOINT WARNING * * *
x2 The pharaoh ant is stunned by your conviction and fails to attack.
You are confused.
You feel invigorated.
The jumping spider leaps!
The redback bites you but does no damage.
Rupert hits you with a +5 vorpal executioner's axe!
* * * LOW HITPOINT WARNING * * *
x2 The pharaoh ant bites you but does no damage.
The jumping spider leaps!
The redback bites you but does no damage.
You cannot move. (Use ctrl+direction or * direction to attack without moving.)
You cannot move. (Use ctrl+direction or * direction to attack without moving.)
You cannot move. (Use ctrl+direction or * direction to attack without moving.)
You swing at nothing.
Rupert hits you with a +5 vorpal executioner's axe.
* * * LOW HITPOINT WARNING * * *
x2 You focus your inner power and illuminate Rupert in retribution!
The pharaoh ant barely misses you.
The redback bites you but does no damage.
Rupert hits you with a +5 vorpal executioner's axe!
* * * LOW HITPOINT WARNING * * *
x2 You feel much better.
You redirect the jumping spider's attack!
The jumping spider pounces on you but does no damage.
The jumping spider completely misses you.
The redback bites you but does no damage.
The pharaoh ant bites you!
* * * LOW HITPOINT WARNING * * *
Rupert hits you with a +5 vorpal executioner's axe!!
You die...

## . ######.# .@.
###..#.°.#
#...#######.#...@s##
#....#....#..B♣..#
#..(..^#......s..#
##....##.....^####
#........^..°#...#
...........####...#
#..#^#..#... #####
.s ###..#... .
#..#.#.. ######..#


You could see Rupert (berserk, corona), a pharaoh ant, a jumping spider and a
redback.

Vanquished Creatures
  Gastronok (Lair:1)
  Louise (D:15)
  The ghost of valliere the Fencer, a journeyman MiGl of Jiyva (Lair:3)
  Fannar (Orc:1)
  Josephine (D:11)
  A vault guard (D:13)
  2 boulder beetles
  A catoblepas (D:12)
  2 ogre magi (Orc:2)
  9 hydras
  12 two-headed ogres
  A two-headed ogre (shapeshifter) (D:14)
  7 centaur warriors
  A tengu warrior (D:13)
  7 death yaks
  An orc high priest (Orc:1)
  Sonja (D:10)
  A pharaoh ant (Lair:2)
  2 skeletal warriors (D:13)
  2 deep trolls
  Pikel (D:5)
  A wizard (D:13)
  A deep elf pyromancer (D:15)
  3 necromancers
  An orc knight (Orc:2)
  A deep elf zephyrmancer (D:15)
  4 orc sorcerers
  10 cyclopes
  24 ugly things
  2 manticores (D:15)
  A wolf spider (Spider:1)
  9 elephants
  Joseph (D:7)
  Maurice (D:11)
  A black mamba (Lair:5)
  2 gargoyles
  An unseen horror (D:12)
  4 kobold demonologists
  2 torpor snails
  An eye of devastation (Lair:5)
  Maggie (Lair:2)
  8 cane toads
  A yaktaur (D:13)
  2 tengu conjurers (D:13)
  2 rime drakes
  17 komodo dragons
  11 trolls
  A polar bear (Lair:5)
  21 slime creatures
  A hornet (D:9)
  8 blink frogs
  A raiju (shapeshifter) (D:13)
  2 dream sheep (Lair:5)
  A centaur simulacrum (D:15)
  A jumping spider (Spider:1)
  A shadow (D:9)
  7 wraiths
  45 yaks
  10 wyverns
  10 basilisks
  19 humans (D:13)
  A golden eye (shapeshifter) (D:14)
  2 redback simulacra (D:15)
  2 steam dragons
  12 vampire mosquitoes
  A floating eye (Lair:5)
  23 water moccasins
  14 orc warriors
  2 sky beasts
  An ice beast (shapeshifter) (D:13)
  4 black bears
  13 wolves
  2 ice beasts
  24 ogres
  5 centaurs
  2 lemures (D:5)
  6 kobold brigands
  2 elf zombies (Ossuary)
  9 bullfrogs
  8 scorpions
  4 gnoll sergeants
  A water moccasin zombie (D:6)
  A wyvern zombie (D:7)
  A killer bee (D:8)
  4 electric eels
  11 howler monkeys
  A crimson imp (D:7)
  14 centaur zombies
  A human zombie (Ossuary)
  3 gnoll shamans
  6 hounds
  14 orc priests
  7 jellies
  2 bullfrog skeletons (D:6)
  2 centaur skeletons (D:7)
  3 iguanas
  24 orc wizards
  A hound zombie (D:5)
  4 mummies
  A howler monkey zombie (D:7)
  25 gnolls
  2 howler monkey skeletons (D:5)
  9 adders
  3 shadow imps
  A white imp (D:7)
  3 ufetubi
  An adder skeleton (D:4)
  7 adder zombies (Ossuary)
  4 worms
  2 dart slugs
  71 orcs
  7 ball pythons
  21 endoplasms
  10 giant cockroaches
  15 goblins
  6 hobgoblins
  2 jackals (D:4)
  2 quokkas (D:2)
  10 bats
  3 frilled lizards
  2 goblin zombies (Ossuary)
  2 hobgoblin zombies (Ossuary)
  4 jackal zombies (Ossuary)
  45 kobolds
  8 kobold skeletons (D:10)
  14 kobold zombies
  An orc zombie (Ossuary)
  A quokka skeleton (D:4)
  6 quokka zombies (Ossuary)
  12 rats
  3 rat zombies (Ossuary)
836 creatures vanquished.

Vanquished Creatures (others)
  A hydra (Lair:5)
  A centaur warrior (D:13)
  A boulder beetle (D:13)
  A death yak (Lair:2)
  A wizard (D:15)
  A deep elf pyromancer (D:15)
  A slime creature (D:12)
  An elephant (Lair:4)
  An unseen horror (D:12)
  2 cane toads
  2 trolls
  A tarantella (Spider:1)
  A water moccasin (Lair:2)
  An orc warrior (D:13)
  2 ogres (Orc:1)
  A shadow imp (D:10)
  An orc (Orc:2)
  2 kobolds (D:10)
  36 fungi
  56 plants
  9 withered plants (D:13)
123 creatures vanquished.

Grand Total: 959 creatures vanquished

Notes
Turn   | Place    | Note
-------+----------+-------------------------------------------
     0 | D:1      | Woods the Gargoyle Fighter began the quest for the Orb.
     0 | D:1      | Reached XP level 1. HP: 14/14 MP: 1/1
    87 | D:1      | Reached XP level 2. HP: 18/19 MP: 2/2
   382 | D:1      | Reached skill level 3 in Maces & Flails
   382 | D:1      | Reached XP level 3. HP: 23/23 MP: 3/3
  1168 | D:2      | Found a faded altar of an unknown god.
  1462 | D:2      | Reached XP level 4. HP: 23/28 MP: 4/4
  1475 | D:2      | Reached skill level 4 in Maces & Flails
  1932 | D:2      | Found a blossoming altar of Fedhas.
  2370 | D:3      | Found a shimmering altar of Xom.
  2455 | D:3      | Reached XP level 5. HP: 32/32 MP: 5/5
  2739 | D:3      | Found a basalt altar of Yredelemnul.
  2905 | D:3      | Reached skill level 5 in Maces & Flails
  3061 | D:3      | Found a shadowy altar of Dithmenos.
  3683 | D:4      | Noticed an ogre
  3933 | D:4      | Reached XP level 6. HP: 24/37 MP: 6/6
  3944 | D:4      | Reached skill level 6 in Maces & Flails
  4599 | D:4      | Found a sacrificial altar of Ru.
  4651 | D:4      | Reached skill level 7 in Maces & Flails
  4655 | D:4      | Became a worshipper of Ru the Awakened
  4698 | D:5      | Entered Level 5 of the Dungeon
  4698 | D:5      | Noticed a water moccasin
  4716 | D:4      | Killed a water moccasin
  4717 | D:4      | Reached XP level 7. HP: 16/41 MP: 7/7
  6001 | D:5      | Reached skill level 8 in Maces & Flails
  6453 | D:5      | Reached skill level 9 in Maces & Flails
  6453 | D:5      | Reached XP level 8. HP: 17/46 MP: 8/8
  6599 | D:5      | Noticed Pikel
  6618 | D:5      | Killed Pikel
  6619 | D:5      | Reached skill level 10 in Maces & Flails
  7006 | D:5      | Reached skill level 11 in Maces & Flails
  7383 | D:5      | You fall into a shaft and drop 2 floors!
  7438 | D:7      | Reached XP level 9. HP: 38/51 MP: 9/9
  7459 | D:7      | Noticed Joseph
  7473 | D:6      | Gained mutation: You cannot study or cast Ice magic. [Ru
                  | sacrifice]
  7473 | D:6      | Gained mutation: You cannot study or cast Transmutations
                  | magic. [Ru sacrifice]
  7473 | D:6      | Gained mutation: You cannot study or cast Summoning magic.
                  | [Ru sacrifice]
  7473 | D:6      | Reached * piety under Ru
  8127 | D:6      | Reached skill level 12 in Maces & Flails
  8703 | D:6      | Found Ceumomn's Antique Weapon Boutique.
  8715 | D:6      | Found a stormy altar of Qazlal.
  8730 | D:6      | Found a staircase to the Ecumenical Temple.
  9375 | Temple   | Entered the Ecumenical Temple
  9649 | D:7      | Reached skill level 13 in Maces & Flails
 10281 | D:7      | Reached XP level 10. HP: 51/56 MP: 10/10
 10616 | D:8      | Found a sand-covered staircase.
 10621 | Ossuary  | Entered an ossuary
 10938 | Ossuary  | Reached skill level 14 in Maces & Flails
 11092 | D:8      | Noticed a kobold demonologist
 11854 | D:7      | Gained mutation: You sometimes lose the ability to read
                  | scrolls when taking damage. [Ru sacrifice]
 11854 | D:7      | Reached ** piety under Ru
 12123 | D:7      | Reached skill level 1 in Dodging
 12445 | D:7      | Killed Joseph
 12575 | D:8      | Killed a kobold demonologist
 12576 | D:8      | Reached skill level 5 in Fighting
 13689 | D:8      | Found a runed translucent door.
 13691 | D:8      | Found a runed translucent door.
 14899 | D:9      | Found a burning altar of Makhleb.
 14899 | D:9      | Noticed a balrug
 15227 | D:9      | Reached XP level 11. HP: 55/67 MP: 11/11
 15728 | D:10     | Entered Level 10 of the Dungeon
 15798 | D:10     | Noticed Sonja
 15812 | D:10     | Gained mutation: You are hated by all. [Ru sacrifice]
 15812 | D:10     | Reached *** piety under Ru
 15822 | D:10     | Paralysed by Sonja for 7 turns
 15837 | D:10     | Killed Sonja
 15838 | D:10     | Reached skill level 5 in Dodging
 16367 | D:10     | Noticed a two-headed ogre
 17562 | D:10     | Found an ancient bone altar of Kikubaaqudgha.
 17603 | D:10     | Reached skill level 10 in Fighting
 18005 | D:11     | Noticed a two-headed ogre
 18084 | D:11     | Noticed Maurice
 18096 | D:11     | Killed Maurice
 18261 | D:11     | Noticed Josephine
 18713 | D:11     | Killed a two-headed ogre
 18714 | D:11     | Reached skill level 5 in Armour
 18714 | D:11     | Reached skill level 5 in Shields
 18825 | D:11     | Found a staircase to the Lair.
 18825 | D:11     | Noticed a purple ugly thing
 18825 | D:11     | Noticed a four-headed hydra
 18840 | D:11     | Killed a four-headed hydra
 19153 | D:10     | Killed a two-headed ogre
 19154 | D:10     | Reached XP level 12. HP: 43/77 MP: 12/12
 19358 | D:11     | Killed Josephine
 19701 | D:11     | Noticed a two-headed ogre
 19715 | D:11     | Killed a two-headed ogre
 19741 | D:11     | Gained mutation: You cannot study or use magical devices.
                  | [Ru sacrifice]
 19741 | D:11     | Reached **** piety under Ru
 19741 | D:11     | Reached ***** piety under Ru
 20542 | D:12     | Noticed a boulder beetle
 21822 | D:12     | Found a runed translucent gate.
 21822 | D:12     | Found a runed translucent gate.
 21822 | D:12     | Found a runed translucent gate.
 22042 | D:12     | Found a staircase to the Orcish Mines.
 22704 | D:12     | Noticed bobregger's ghost (journeyman OgBe)
 23628 | D:13     | Noticed a centaur warrior
 24283 | Lair:1   | Entered Level 1 of the Lair of Beasts
 24284 | Lair:1   | Noticed Gastronok
 24309 | Lair:1   | Killed Gastronok
 24575 | Lair:1   | Noticed a seven-headed hydra
 24585 | Lair:1   | Killed a seven-headed hydra
 24586 | Lair:1   | Reached XP level 13. HP: 57/82 MP: 13/13
 25747 | Lair:1   | Identified the +1 plate armour "Fusiagh" {Rampage Dex+5
                  | Slay-4 Stlth-}
 27130 | Lair:2   | Noticed Maggie
 27151 | Lair:1   | Reached skill level 10 in Shields
 27185 | Lair:1   | Reached skill level 10 in Armour
 28056 | Lair:2   | Killed Maggie
 28542 | Lair:2   | Found a hole to the Spider Nest.
 28857 | Lair:2   | Reached skill level 10 in Dodging
 29946 | Lair:3   | Found a runed translucent door.
 29946 | Lair:3   | Noticed valliere's ghost (journeyman MiGl)
 30686 | Lair:3   | Gained mutation: Your large and strong wings let you fly.
                  | [Gargoyle growth]
 30686 | Lair:3   | Reached XP level 14. HP: 88/88 MP: 14/14
 30773 | Lair:3   | Killed valliere's ghost
 30781 | Lair:3   | Identified the ring of Muwas Onogye {rCorr SInv}
 31271 | Lair:4   | Found a staircase to the Swamp.
 32129 | Lair:4   | Reached skill level 15 in Maces & Flails
 34618 | Lair:5   | Found a staircase to the Slime Pits.
 35362 | Lair:6   | Entered Level 6 of the Lair of Beasts
 35557 | Orc:1    | Entered Level 1 of the Orcish Mines
 35720 | Orc:2    | Entered Level 2 of the Orcish Mines
 36238 | Orc:2    | Found Totaod's Antique Weapon Boutique.
 36323 | Orc:1    | Reached skill level 16 in Maces & Flails
 37470 | Orc:1    | Reached XP level 15. HP: 85/99 MP: 15/15
 38257 | Orc:2    | Found Aziecs's Assorted Antiques.
 38257 | Orc:2    | Found Rimnuh's Book Emporium.
 38261 | Orc:2    | Found Souz's General Store.
 38269 | Orc:2    | Bought a potion of ambrosia for 232 gold pieces
 38356 | Orc:2    | Found a staircase to the Elven Halls.
 39159 | Orc:1    | Noticed Fannar
 40867 | Orc:1    | Killed Fannar
 42036 | Orc:2    | Bought a manual of Shields for 1040 gold pieces
 42391 | D:13     | Reached skill level 17 in Maces & Flails
 42820 | D:13     | Found a gate to the Vaults.
 42906 | D:13     | Reached skill level 15 in Fighting
 44727 | D:14     | Reached XP level 16. HP: 98/108 MP: 16/16
 45557 | D:14     | Reached skill level 18 in Maces & Flails
 45678 | D:15     | Entered Level 15 of the Dungeon
 46580 | D:15     | Reached skill level 15 in Shields
 47054 | D:15     | Noticed Louise
 47095 | D:15     | Killed Louise
 47096 | D:15     | Reached skill level 1 in Stealth
 47559 | D:15     | Found a staircase to the Depths.
 47898 | Spider:1 | Entered Level 1 of the Spider Nest
 48341 | Spider:1 | Noticed Rupert
 48445 | Spider:1 | HP: 6/162 [Rupert/+5 vorpal executioner's axe (7)]
 48446 | Spider:1 | Demolished by Rupert

Illustrated notes

Levels and vault maps discovered:
D:1:      evilmike_arrival_crescent, layout_basic
D:2:      layout_basic, hellmonk_ecumenical_altar_crossroads, basic_altar,
          grunt_decor_resistance
D:3:      layout_basic, mainiacjoe_overflow_chevrons,
          lemuel_coloured_pillars_altar, xom_butterflies
D:4:      layout_cave_pools, lemuel_doored_altar, minmay_misc_feat_square,
          kennysheep_generic_room_8
D:5:      layout_cave_pools, minmay_fractal_squares_diagonal_5, uniq_pikel
D:6:      layout_rooms, nicolae_qazlal_general_emergency,
          minmay_temple_entry_hall, serial_shops, shop,
          kennysheep_generic_room_4
D:7:      layout_loops_ring, enter_bailey_3, st_stairs_10,
          minmay_fire_ice_demons, uniq_joseph
D:8:      lemuel_insect_pit, layout_loops_ring, enter_ossuary_2,
          minmay_misc_feat_roman
D:9:      layout_loops_corners, makhleb_altar_promises_db, minivault_14
D:10:     wander_kiku_kobolds, layout_loops_corners, uniq_sonja
D:11:     layout_layer_cave, david_lair_generic, uniq_josephine, uniq_maurice
D:12:     layout_gridville, orc_0_dummy, gammafunk_ghost_spectres,
          nicolae_straight_to_the_point
D:13:     minmay_four_partial_circles, layout_loops_ring,
          grunt_vaults_entry_tiered, serial_undead, serial_undead_b,
          serial_undead_e, serial_undead_b, serial_undead_c,
          nicolae_elevator_lobby_asterisk
D:14:     layout_rooms, amcnicky_mini_rare_corridor_liquid,
          ebering_dispersal_statue_hall
D:15:     grunt_enter_depths_magical_seal, layout_irregular_city,
          roderic_roman_lattice, uniq_louise
Temple:   nicolae_temple_elliptical
Lair:1:   lemuel_slime, layout_gridlike, grunt_megastairs_1, uniq_gastronok
Lair:2:   layout_cave_pods, spider_nest_entry_web_field, serial_bayou_lagoon_a,
          beast_lair_carwin_1, grunt_megastairs_2, infiniplex_staircase_pool_2,
          uniq_maggie
Lair:3:   layout_roguey, ebering_ghost_reflecting_pool, minivault_23,
          nicolae_lair_lil_pond
Lair:4:   layout_cellular_growth, minmay_swamp_entry_reptiles,
          kennysheep_basilisk_garden
Lair:5:   layout_cave_pods, minmay_slime_entry_eyes, beast_lair_carwin_10
Lair:6:   evilmike_catoblepas_cave, layout_regular_city,
          portal_ice_cave_demonic_guard, infiniplex_staircase_pool,
          grunt_megastairs_5, uniq_snorg
Spider:1: layout_spider_delve, uniq_rupert
Orc:1:    layout_caves, minmay_orc_temple_a, uniq_fannar
Orc:2:    st_orc_open, layout_caves

Skill      XL: |  1  2  3  4  5  6  7  8  9 10 11 12 13 14 15 16 |
---------------+-------------------------------------------------+-----
Maces & Flails | 3 4 5 7 9 11 13 14 16 17 18 | 18.0
Fighting       | 7 10 13 15 | 15.1
Dodging        | 4 6 8 10 | 10.1
Armour         | 5 8 10 | 10.2
Shields        | 5 8 10 13 15 | 15.2
Stealth        | 2 |  2.0

Action                   |  1- 3 |  4- 6 |  7- 9 | 10-12 | 13-15 | 16-18 || total
-------------------------+-------+-------+-------+-------+-------+-------++-------
Melee: Flail             |   126 |   223 |   416 |  1230 |  2707 |   401 ||  5103
       Unarmed           |       |       |       |     9 |       |       ||     9
Invok: Sacrifice Arcana  |       |       |     1 |       |       |       ||     1
       Sacrifice Words   |       |       |       |     1 |       |       ||     1
       Sacrifice Love    |       |       |       |     1 |       |       ||     1
       Sacrifice Artific |       |       |       |     1 |       |       ||     1
       Reject Sacrifices |       |       |       |       |     2 |     1 ||     3
       Power Leap        |       |       |       |       |     1 |       ||     1
  Use: Scroll            |       |       |     2 |     9 |    10 |     9 ||    30
       Potion            |       |       |     1 |     1 |     5 |     3 ||    10
 Stab: Invisible         |       |       |       |     2 |    12 |       ||    14
       Distracted        |       |       |       |     9 |     7 |     4 ||    20
       Petrified         |       |       |       |       |     8 |       ||     8
       Paralysed         |       |       |       |       |     1 |       ||     1
Armor: Scale mail        |    75 |   100 |   134 |       |       |       ||   309
       Chain mail        |       |       |    99 |   368 |       |       ||   467
       Plate armour      |       |       |       |   214 |  1046 |    98 ||  1358
       Skin              |       |       |       |       |       |    20 ||    20
Dodge: Dodged            |    84 |    83 |   157 |   288 |   589 |    53 ||  1254
Block: Buckler           |    31 |    44 |    95 |   316 |   893 |       ||  1379
       Reflection        |       |       |       |     5 |    21 |    11 ||    37
       Kite shield       |       |       |       |       |   361 |   183 ||   544
       Tower shield      |       |       |       |       |       |    20 ||    20
